 Dungeon Crawl Stone Soup version 0.21-a0-153-g78480df (webtiles) character file.

33 Hook the Insei (level 3, 0/27 HPs)
             Began as a Demonspawn Transmuter on July 26, 2017.
             Slain by a gnoll
             ... wielding a +0 club
              (2 damage)
             ... on level 2 of the Dungeon on July 31, 2017.
             The game lasted 00:03:59 (1210 turns).

Hook the Insei (Demonspawn Transmuter)              Turns: 1210, Time: 00:04:01

Health: 0/27       AC:  3    Str: 16    XL:     3   Next: 12%
Magic:  6/6        EV: 12    Int: 14    God:
Gold:   61         SH:  0    Dex: 13    Spells: 5/6 levels left

rFire    . . .     SeeInvis .     - Unarmed
rCold    . . .     Gourm    .   (no shield)
rNeg     . . .     Faith    .   b - +0 robe
rPois    .         Spirit   .   (no helmet)
rElec    .         Reflect  .   l - +0 cloak
rCorr    .         Harm     .   (no gloves)
MR       .....                  (no boots)
Stlth    +.........             (no amulet)
HPRegen  0.09/turn              (no ring)
MPRegen  0.10/turn              (no ring)

@: mighty
A: demonic guardian 1, powered by pain 1
a: no special abilities


You were on level 2 of the Dungeon.
You were not hungry.

You visited 1 branch of the dungeon, and saw 2 of its levels.

You collected 61 gold pieces.

Inventory:

Missiles
 a - 67 arrows
Armour
 b - a +0 robe (worn)
 l - a +0 cloak (worn)
Scrolls
 e - 2 scrolls of magic mapping {unknown}
 g - a scroll of remove curse {unknown}
 j - a scroll of amnesia {unknown}
Potions
 f - a potion of resistance {unknown}
 i - 3 potions of curing {unknown}
 k - a potion of brilliance {unknown}
 m - a potion of might {unknown}
 n - a potion of agility {unknown}
Books
 c - a book of Changes

   Spells                             Type                      Level
   a - Beastly Appendage              Transmutation                1
   b - Sticks to Snakes               Transmutation                2
   c - Spider Form                    Transmutation/Poison         3
   d - Ice Form                       Ice/Transmutation            4
   e - Blade Hands                    Transmutation                5
Comestibles
 d - 2 bread rations
 h - 3 fruits
 o - a chunk of flesh


   Skills:
 * Level 1.8 Fighting
 * Level 2.0 Dodging
 + Level 3.2 Unarmed Combat
 * Level 2.1 Spellcasting
 + Level 1.9 Transmutations


You had 5 spell levels left.
You knew the following spells:

 Your Spells              Type           Power        Failure   Level  Hunger
a - Beastly Appendage     Tmut           #.....       11%         1    #......


Dungeon Overview and Level Annotations

Branches:
Dungeon (2/15)

Altars:


Innate Abilities, Weirdness & Mutations

A weak demonic guardian rushes to your aid.
You sometimes gain a little power by taking damage.


Message History

You have reached level 3!
Your experience leads to an increase in your attributes!
Increase (S)trength, (I)ntelligence, or (D)exterity?
You feel stronger.
Your demonic ancestry asserts itself...
You feel the presence of a demonic guardian.
Your talons disappear.
The gnoll closely misses you. The gnoll hits you with a whip.
You barely miss the gnoll. The gnoll misses you.
The gnoll hits you with a whip.
You barely miss the gnoll.
Something unseen opens the door.
The gnoll hits you with a club!
* * * LOW HITPOINT WARNING * * *
You focus on the pain.
You feel very mighty all of a sudden. The gnoll hits you but does no damage.
You punch the gnoll!
The gnoll is severely wounded.
Your iron imp closely misses the gnoll.
The gnoll misses you. The gnoll hits you with a club.
You die...

#.#### #....
#..[## g....#
#....# # #..5.#
. #)g..# ##
#@g..# . +....#
###
######...####
..
#...........# #
###.###.......
#.# ......# #.#
......# ######
#.# ......#
.....########.#
......#


You could see 3 gnolls and a friendly iron imp.

Vanquished Creatures
  A gnoll (D:2)
  An ooze (D:1)
  A dart slug (D:1)
  A giant cockroach (D:1)
  2 hobgoblins
  A jackal (D:1)
  A quokka (D:2)
  2 bats (D:1)
  2 frilled lizards (D:1)
  3 goblins (D:1)
  2 kobolds (D:1)
  A rat (D:1)
18 creatures vanquished.

Notes
Turn   | Place    | Note
-------+----------+-------------------------------------------
     0 | D:1      | Hook the Demonspawn Transmuter began the quest for the Orb.
     0 | D:1      | Reached XP level 1. HP: 15/15 MP: 3/3
   227 | D:1      | Upgraded the game from 0.21-a0-150-gc243083 to 0.21-a0-153-g78480df
   449 | D:1      | Gained mutation: You sometimes gain a little power by taking damage. [demonic ancestry]
   449 | D:1      | Reached XP level 2. HP: 18/21 MP: 5/5
   457 | D:1      | Reached skill level 3 in Unarmed Combat
  1207 | D:2      | Gained mutation: A weak demonic guardian rushes to your aid. [demonic ancestry]
  1207 | D:2      | Reached XP level 3. HP: 21/27 MP: 6/6
  1210 | D:2      | Slain by a gnoll

Vault maps used:
D:1:      lightli_molten_gateway

Skill      XL: |  1  2 |
---------------+-------+-----
Unarmed Combat | 3 |  3.2
Dodging        | 2 |  2.0
Fighting       | |  1.8
Spellcasting   | |  2.1
Transmutations | |  1.9

Action                   || total
-------------------------++-------
Melee: Unarmed           ||    74
       Kick              ||     6
       Headbutt          ||     2
       Punch             ||     1
 Cast: Beastly Appendage ||    11
 Stab: Sleeping          ||     1
  Eat: Fruit             ||     1
Armor: Robe              ||    15
Dodge: Dodged            ||    57
